AoeStats
← 西溪梨

Arabia

510988351Analyzed
1v1 RM · 16d ago on Oct 3, 2026· 24m 52s· 2 players
Game mode
Random Map
Map size
Tiny (2 player)
Population
200
Speed
Normal
Resources
Standard
Victory
Conquest
Starting age
Dark Age
Ending age
Imperial Age
RankedLock teamsTeams togetherTeam positionsShared explorationLock speedFull tech treeHidden civsTurbo modeCheats
Victory
Defeat
🇻🇳 Tupi · Vietnam
2573
+1
vs
🇨🇳 Danes · China
1850
-1
HOANG
10:15 Feudal Age
10:40 Champi Runner
12:03 Loom
16:42 Castle Age
15:16 Scale Mail Armor
15:49 Double-Bit Axe
16:18 Arson
17:40 Chain Mail Armor
16:55 Champi Warrior
西溪梨
6:34 Loom
8:51 Feudal Age
8:55 Man-at-Arms
12:20 Double-Bit Axe
15:31 Fletching
20:32 Castle Age
20:35 Long Swordsman
Connection lost

Rejoining the realm…

Still unreachable

The connection could not be restored.

Session expired

The server has moved on; the page needs a fresh start.